 Dungeon Crawl Stone Soup version 0.28.0-53-g5a82cb258f (webtiles) character file.

Game seed: 10158814275058727708

57 buhh the Skirmisher (level 4, -6/32 HPs)
             Began as an Octopode Transmuter on June 20, 2022.
             Mangled by a gnoll
             ... wielding a +0 flail
              (9 damage)
             ... while paralysed by Grinder
             ... on level 3 of the Dungeon.
             The game lasted 00:02:51 (2587 turns).

buhh the Skirmisher (Octopode Transmuter)           Turns: 2587, Time: 00:02:52

Health: -6/32      AC:  1    Str:  9    XL:     4   Next: 0%
Magic:  6/7        EV:  2    Int: 17    God:
Gold:   83         SH:  0    Dex: 12    Spells: 6/7 levels left

rFire   . . .      SeeInvis .     - Unarmed
rCold   . . .      Faith    .   (no shield)
rNeg    . . .      Spirit   .   (helmet restricted)
rPois   .          Reflect  .   (no amulet)
rElec   .          Harm     .   (no ring)
rCorr   .          Rampage  .   (no ring)
Will    .....                   (no ring)
Stlth   +++.......              (no ring)
HPRegen 0.10/turn               (no ring)
MPRegen 0.10/turn               (no ring)
                                (no ring)
                                (no ring)

@: paralysed
A: almost no armour, amphibious, 8 rings, camouflage 1, gelatinous body 1,
(nimble swimmer 1), tentacles
a: no special abilities


You were on level 3 of the Dungeon.
You visited 1 branch of the dungeon, and saw 3 of its levels.

You collected 119 gold pieces.
You spent 36 gold pieces at shops.

Inventory:

Magical Staves
 q - a staff of conjuration
Jewellery
 b - a ring of magical power
Scrolls
 a - a scroll of brand weapon {unknown}
 t - a scroll of teleportation {!d}
Potions
 c - 2 potions of mutation {unknown}
 d - a potion of attraction {unknown}


   Skills:
 + Level 3.6 Fighting
 - Level 2.0 Dodging
 - Level 1.0 Stealth
 - Level 3.0 Unarmed Combat
 - Level 2.0 Spellcasting
 - Level 2.0 Transmutations


You had 6 spell levels left.
You knew the following spells:

 Your Spells              Type           Power      Damage    Failure   Level
a - Beastly Appendage     Tmut           16%        N/A       9%          1

Your spell library contained the following spells:

 Spells                   Type           Power      Damage    Failure   Level
 Wereblood                Tmut           8%         N/A       13%         2
 Ensorcelled Hibernation  Hex/Ice        2%         N/A       28%         2
 Spider Form              Tmut/Pois      5%         N/A       36%         3
 Gell's Gravitas          Tloc           1%         N/A       50%         3
 Lesser Beckoning         Tloc           1%         N/A       50%         3
 Teleport Other           Tloc           1%         N/A       50%         3
 Ice Form                 Ice/Tmut       5%         N/A       77%         4
 Anguish                  Hex/Necr       0%         N/A       88%         4


Dungeon Overview and Level Annotations

Branches:
Dungeon (3/15)

Altars:
Gozag
Sif Muna

Shops:
D:2 ?

Annotations:
D:3 Grinder


Innate Abilities, Weirdness & Mutations

You cannot wear most types of armour.
You are amphibious.
You can wear up to eight rings at the same time.
Your skin changes colour to match your surroundings (Stealth+).
Your rubbery body absorbs attacks. (AC +1, EV +1)
((You are camouflaged when in or above water. (Stealth+)))
You have tentacles for arms and can constrict up to eight enemies at once.


Message History

You see here a frilled lizard corpse.
You see here a frilled lizard corpse.
You see here a frilled lizard corpse.
You see here a +0 spear.
Found a stone staircase leading down.
A bat comes into view.
A bat is nearby!
One of your tentacles grows a vicious spike. 2 gnolls come into view.
Your transformation is almost over.
The gnoll shouts!
The bat barely misses you. x2
You tentacle-slap the bat.
You kill the bat!
You have reached level 4!
Grinder comes into view.
She is carrying a wand of digging (4).
Warning: an enemy near you is armed with a wand! (Y or N to confirm.) [Y]es or [N]o only, please.
Warning: an enemy near you is armed with a wand! (Y or N to confirm.) [Y]es or [N]o only, please.
Warning: an enemy near you is armed with a wand! (Y or N to confirm.) [Y]es or [N]o only, please.
Warning: an enemy near you is armed with a wand! (Y or N to confirm.) Neutralize or avoid the wand carrier ASAP!
Grinder gestures at you.
You suddenly lose the ability to move!
The gnoll hits you with a +0 flail!
Grinder zaps a wand.
You hear a grinding noise.
A gnoll comes into view. It is wielding a +0 spear.
The gnoll hits you with a +0 flail!
Your tentacle spike disappears.
The gnoll hits you with a +0 flail.
* * * LOW HITPOINT WARNING * * *
Grinder blinks!
The gnoll hits you with a +0 flail.
* * * LOW HITPOINT WARNING * * *
You hear a zap.
You hear a grinding noise.
The gnoll hits you with a +0 flail!
You die...

.. #ยง #. #
..#. ##
#.....
#..#. #...
#..# # .
#.@#.# ..
#.g#.#
#.###>...#
.gg...#.###
.#.##.#.##
#g...####.#
#.........#
##...######
#...##


You could see 2 gnolls.

Vanquished Creatures
  An adder (D:2)
  A worm (D:3)
  A dart slug (D:1)
  6 ball pythons
  7 bats
  An endoplasm (D:3)
  4 giant cockroaches
  A goblin (D:1)
  2 hobgoblins
  2 quokkas (D:3)
  4 frilled lizards
  4 kobolds
  8 rats
42 creatures vanquished.

Notes
Turn   | Place    | Note
-------+----------+-------------------------------------------
     0 | D:1      | buhh the Octopode Transmuter began the quest for the Orb.
     0 | D:1      | Reached XP level 1. HP: 13/13 MP: 3/3
   251 | D:1      | Reached XP level 2. HP: 19/19 MP: 3/5
   544 | D:1      | Found a faded altar of an unknown god.
  1239 | D:2      | Reached XP level 3. HP: 25/26 MP: 4/6
  1345 | D:2      | Found Kiesaps's Magic Scroll Emporium.
  1358 | D:2      | Bought a scroll of teleportation for 36 gold pieces
  1470 | D:2      | Found a shimmering blue altar of Sif Muna.
  2459 | D:3      | Found an opulent altar of Gozag.
  2581 | D:3      | Reached XP level 4. HP: 32/32 MP: 5/7
  2581 | D:3      | Noticed Grinder
  2582 | D:3      | Paralysed by Grinder for 7 turns
  2587 | D:3      | Mangled by a gnoll

Illustrated notes

Levels and vault maps discovered:
D:1:      co_arrival_square_in_a_square_in_a_square, layout_loops_corners,
          shapermc_ecumenical_altar_notcrosses
D:2:      layout_basic, basic_altar, serial_shops, shop_scrolls
D:3:      layout_loops_ring, nicolae_gozag_cash_rules_everything_around_me,
          uniq_grinder

Skill      XL: |  1  2 |
---------------+-------+-----
Stealth        | 1 |  1.0
Fighting       | 3 |  3.6
Dodging        | |  2.0
Unarmed Combat | |  3.0
Spellcasting   | |  2.0
Transmutations | |  2.0

Action                   |  1- 3 |  4- 6 || total
-------------------------+-------+-------++-------
Melee: Unarmed           |    95 |       ||    95
       Kick              |    31 |       ||    31
       Constrict         |    24 |       ||    24
       Tentacles         |     3 |       ||     3
 Cast: Beastly Appendage |    31 |       ||    31
 Stab: Sleeping          |    13 |       ||    13
Armor: Skin              |     9 |       ||     9
Dodge: Dodged            |    66 |       ||    66
